AoeStats
← Hopeless

MegaRandom

509639967Analyzed
4v4 RM · 4d ago on Sep 27, 2026· 59m 25s· 8 players
Game mode
Random Map
Map size
Large (8 player)
Population
200
Speed
Normal
Resources
Standard
Victory
Conquest
Starting age
Dark Age
Ending age
Imperial Age
RankedLock teamsTeams togetherTeam positionsShared explorationLock speedFull tech treeHidden civsTurbo modeCheats
Victory
Defeat
🇯🇵 Persians · Japan
960
+12
🇿🇦 Malay · South Africa
932
+14
🇨🇳 Franks · China
895
+15
🇳🇴 Mongols · Norway
891
+15
🇹🇼 Magyars · Taiwan
1013
-19
🇺🇦 Tatars · Ukraine
963
-17
🇪🇸 Jurchens · Spain
775
-10
🇲🇽 Aztecs · Mexico
764
-10
春天里的老人
0:30 Loom
12:19 Feudal Age
16:50 Double-Bit Axe
19:10 Castle Age
20:30 Wheelbarrow
23:08 Bow Saw
32:51 Imperial Age
30:41 Masonry
32:50 Scale Barding Armor
32:57 Forging
33:56 Chivalry
34:20 Conscription
34:30 Husbandry
33:51 Cavalier
34:53 Chain Barding Armor
35:09 Iron Casting
35:43 Chemistry
34:42 Stone Mining
36:54 Plate Barding Armor
37:22 Blast Furnace
37:24 Paladin
39:16 Elite Throwing Axeman
48:28 Gold Mining
DelaRocha
10:16 Feudal Age
11:37 Loom
15:39 Castle Age
16:30 Double-Bit Axe
18:13 Bow Saw
19:05 Wheelbarrow
18:36 Horse Collar
23:45 Forging
24:18 Scale Barding Armor
25:13 Iron Casting
27:15 Chain Barding Armor
28:03 Gold Mining
29:14 Stone Mining
29:34 Heavy Plow
29:28 Town Watch
30:53 Hand Cart
33:42 Imperial Age
31:06 Fletching
33:21 Bodkin Arrow
33:36 Cavalier
34:31 Bloodlines
34:22 Husbandry
35:03 Plate Barding Armor
35:30 Blast Furnace
34:41 Caravan
36:15 Conscription
36:00 Savar
39:33 Elite Skirmisher
40:50 Padded Archer Armor
42:40 Leather Archer Armor
43:26 Ballistics
46:31 Chemistry
51:59 Gold Shaft Mining
52:00 Stone Shaft Mining
58:59 Two-Man Saw
kris10an
13:24 Feudal Age
17:39 Castle Age
Zafar
6:53 Loom
9:59 Feudal Age
9:49 Double-Bit Axe
16:19 Wheelbarrow
19:11 Castle Age
17:07 Horse Collar
19:16 Bow Saw
20:49 Squires
20:12 Man-at-Arms
21:35 Heavy Plow
21:58 Long Swordsman
23:16 Town Watch
24:53 Hand Cart
26:41 Forging
26:13 Pikeman
28:49 Iron Casting
30:54 Imperial Age
28:51 Fletching
31:29 Blast Furnace
30:52 Ballistics
31:34 Chemistry
29:58 Capped Ram
30:53 Arson
30:29 Two-Handed Swordsman
31:32 Gold Mining
31:35 Stone Mining
34:00 Town Patrol
34:50 Conscription
35:42 Siege Engineers
37:35 Gold Shaft Mining
37:03 Murder Holes
36:39 Halberdier
38:53 Redemption
39:38 Elite Karambit Warrior
43:25 Scale Barding Armor
43:44 Forced Levy
43:13 Elite Skirmisher
43:59 Thumb Ring
44:01 Padded Archer Armor
43:59 Bodkin Arrow
45:51 Leather Archer Armor
45:37 Bracer
memito101091
1:31 Loom
13:04 Feudal Age
15:06 Wheelbarrow
15:26 Double-Bit Axe
19:19 Town Watch
19:23 Horse Collar
23:39 Castle Age
22:05 Gold Mining
23:38 Scale Mail Armor
23:53 Eagle Warrior
26:29 Heavy Plow
27:31 Forging
29:57 Stone Mining
32:11 Bow Saw
36:25 Imperial Age
34:16 Chain Mail Armor
34:16 Murder Holes
36:15 Hand Cart
35:50 Pikeman
37:22 Iron Casting
37:19 Capped Ram
39:07 Elite Jaguar Warrior
41:43 Chemistry
42:47 Plate Mail Armor
45:02 Crossbowman
45:58 Elite Eagle Warrior
benat_95
9:04 Loom
12:19 Feudal Age
17:18 Castle Age
16:27 Forging
16:37 Scale Mail Armor
18:01 Horse Collar
27:53 Chain Mail Armor
29:31 Pikeman
34:59 Double-Bit Axe
40:58 Imperial Age
41:43 Bow Saw
44:39 Iron Casting
44:10 Scale Barding Armor
1mmr
1:57 Loom
3:01 Loom
12:45 Feudal Age
13:43 Double-Bit Axe
13:41 Horse Collar
21:16 Castle Age
21:05 Stone Mining
21:08 Gold Mining
21:29 Fletching
21:39 Padded Archer Armor
22:07 Bow Saw
22:41 Bow Saw
22:59 Bodkin Arrow
23:19 Leather Archer Armor
25:10 Bloodlines
25:01 Husbandry
27:53 Silk Armor
32:45 Ballistics
35:43 Masonry
37:20 Scale Barding Armor
37:26 Forging
37:50 Light Cavalry
39:59 Heavy Plow
40:36 Wheelbarrow
42:33 Imperial Age
40:02 Murder Holes
39:49 Treadmill Crane
41:41 Chain Barding Armor
44:35 Chemistry
44:14 Conscription
44:18 Bracer
45:26 Ring Archer Armor
46:43 Heavy Cavalry Archer
47:11 Hussar
55:25 Hand Cart
54:57 Town Watch
55:59 Siege Engineers
56:06 Fortified Wall
56:44 Plate Barding Armor
56:45 Iron Casting
Hopeless
4:07 Loom
12:15 Feudal Age
13:23 Town Watch
18:50 Castle Age
17:51 Double-Bit Axe
18:20 Stone Mining
19:18 Pikeman
25:00 Bow Saw
29:16 Wheelbarrow
32:35 Imperial Age
29:59 Horse Collar
30:16 Gold Mining
31:05 Fletching
32:35 Gold Shaft Mining
32:02 Heavy Plow
32:38 Ballistics
32:24 Bodkin Arrow
33:27 Hand Cart
34:01 Conscription
35:01 Crop Rotation
36:18 Chemistry
35:23 Padded Archer Armor
36:46 Bracer
37:19 Parthian Tactics
36:26 Elite Skirmisher
36:32 Halberdier
38:18 Leather Archer Armor
38:49 Recurve Bow
39:06 Heavy Cavalry Archer
42:02 Scale Mail Armor
Connection lost

Rejoining the realm…

Still unreachable

The connection could not be restored.

Session expired

The server has moved on; the page needs a fresh start.